 Dungeon Crawl Stone Soup version 0.29-a0-2-g12fcac58f8 (webtiles) character file.

Game seed: 5269966247632697323

62 miscthings the Magician (level 4, -7/31 HPs)
             Began as a Djinni Conjurer on Jan 27, 2022.
             Killed from afar by a white imp (16 damage)
             ... with a puff of frost
             ... summoned by Natasha
             ... on level 2 of the Dungeon.
             The game lasted 00:01:55 (1322 turns).

miscthings the Magician (Djinni Conjurer)           Turns: 1322, Time: 00:01:55

Health: -7/31      AC:  5    Str:  6    XL:     4   Next: 28%
Gold:   77         EV: 12    Int: 19    God:
                   SH:  0    Dex: 14

rFire   + + .      SeeInvis .   h - staff of air
rCold   x . .      Faith    .   (no shield)
rNeg    . . .      Spirit   .   a - +0 robe
rPois   ∞          Reflect  .   i - +0 helmet
rElec   +          Harm     .   j - +0 cloak
rCorr   .          Rampage  .   g - +0 pair of gloves
Will    .....                   (boots unavailable)
Stlth   ++........              (no amulet)
HPRegen 0.10/turn               (no ring)
MPRegen 0.00/turn               (no ring)

@: flying, slowed, very slow
A: sickness immunity, fire resistance 2, cold vulnerability 1, float, innate
caster, hp casting, extra vitality 1
a: no special abilities


You were on level 2 of the Dungeon.
You visited 1 branch of the dungeon, and saw 2 of its levels.

You collected 77 gold pieces.

Inventory:

Armour
 a - a +0 robe (worn)
 g - a +0 pair of gloves (worn)
 i - a +0 helmet (worn)
 j - a +0 cloak (worn)
Magical Staves
 f - a staff of poison
 h - a staff of air (weapon)
Scrolls
 c - 2 scrolls of fog {unknown}
Potions
 b - 2 potions of curing
 d - a potion of attraction {unknown}
 e - a potion of degeneration {unknown}


   Skills:
 - Level 2.1 Dodging
 - Level 1.5 Stealth
 + Level 4.4 Spellcasting


You couldn't memorise any spells.
You knew the following spells:

 Your Spells              Type           Power      Damage    Failure   Level
a - Searing Ray           Conj           40%        2d5       3%          2
b - Magic Dart            Conj           80%        1d7       2%          1
c - Dazzling Flash        Conj/Hex       40%        N/A       6%          3
d - Fulminant Prism       Conj/Hex       10%        3d9       22%         4
e - Iskenderun's Mystic   Conj/Tloc      20%        2d6       22%         4
f - Sting                 Tmut/Pois      80%        1d7       2%          1
Your spell library was empty.

Dungeon Overview and Level Annotations

Branches:
Dungeon (2/15)

Altars:
Dithmenos

Annotations:
D:2 Natasha


Innate Abilities, Weirdness & Mutations

You are immune to sickness and miasma.
You are immune to poison.
Your flesh is very heat resistant. (rF++)
You are vulnerable to cold. (rC-)
You float through the air rather than walking.
You learn spells naturally, not from books.
Your magical power is your life essence.
You have superior vitality. (+4 MHP)


Message History

The worm is severely wounded.
The searing ray hits the worm!
You kill the worm!
The searing ray hits the worm!
The worm is heavily wounded.
The searing ray hits the worm!
The worm is almost dead.
You finish channelling your searing ray.
Natasha, Servant of Life and Death comes into view.
Casting: Searing Ray (safe; 3% risk of failure)
Confirm with . or Enter, or press ? or * to list all spells.
Aiming: Searing Ray (safe; 3% risk of failure)
Press: ? - help, Shift-Dir - straight line, f - worm
Aim: a worm (almost dead, 92% to hit)
The searing ray hits the worm!
You kill the worm! (Press . to maintain the ray.)
Casting: Searing Ray (safe; 3% risk of failure)
Confirm with . or Enter, or press ? or * to list all spells.
Restarting spell: Searing Ray (safe; 3% risk of failure)
Press: ? - help, Shift-Dir - straight line, f - Natasha
Aim: Natasha (72% to hit)
The searing ray hits Natasha.
Natasha is moderately wounded. (Press . to maintain the ray.) Natasha casts a spell.
The searing ray misses Natasha.
Natasha stares at you and mumbles some strange words.
The magic dart hits you!
The searing ray hits Natasha!
Natasha is almost dead.
Natasha drinks a potion.
Natasha is healed!
The searing ray hits Natasha.
Natasha is moderately wounded.
* * * LOW HITPOINT WARNING * * *
You finish channelling your searing ray.
The white imp gestures at you. The puff of frost hits you!
You feel a terrible chill!
Ouch! That really hurt!
You die...

#.....# #.....#
#.....# #.....#
#.....# #...?.#
#.....#
.#######5@...#
........h.######.
................
####............
#.#.#.#######
#.#.#.# # #.#.#
#...#########
#.##..#.........#


You could see Natasha and a white imp (summoned).

Vanquished Creatures
  Natasha (D:2)
  2 worms (D:2)
  A dart slug (D:1)
  3 bats
  3 endoplasms (D:1)
  A goblin (D:1)
  A hobgoblin (D:1)
  4 jackals (D:1)
  2 quokkas (D:1)
  4 ball pythons
  2 frilled lizards
  3 kobolds (D:1)
  A rat (D:1)
28 creatures vanquished.

Notes
Turn   | Place    | Note
-------+----------+-------------------------------------------
     0 | D:1      | miscthings the Djinni Conjurer began the quest for the Orb.
     0 | D:1      | Reached XP level 1. HP: 15/15 MP: 0/0
   124 | D:1      | Found a shadowy altar of Dithmenos.
   137 | D:1      | Reached XP level 2. HP: 10/21 MP: 0/0
   613 | D:1      | Reached XP level 3. HP: 20/25 MP: 0/0
   613 | D:1      | Learned a level 1 spell: Sting
   692 | D:1      | Found a faded altar of an unknown god.
   859 | D:1      | Reached skill level 4 in Spellcasting
  1263 | D:2      | Noticed Natasha
  1311 | D:2      | Killed Natasha
  1312 | D:2      | Reached XP level 4. HP: 27/31 MP: 0/0
  1317 | D:2      | Noticed Natasha
  1322 | D:2      | Killed from afar by a white imp

Illustrated notes

Levels and vault maps discovered:
D:1:      lemuel_arrival_cross, layout_loops_corners,
          shapermc_ecumenical_altar_rom_forum, minmay_hexomino_r4
D:2:      layout_basic, uniq_sigmund, uniq_natasha

Skill      XL: |  1  2  3 |
---------------+----------+-----
Spellcasting   | 4 |  4.4
Dodging        | |  2.1
Stealth        | |  1.5

Action                   |  1- 3 |  4- 6 || total
-------------------------+-------+-------++-------
Melee: Staff             |     2 |       ||     2
 Cast: Magic Dart        |    13 |       ||    13
       Searing Ray       |    14 |     3 ||    17
Dodge: Dodged            |     3 |       ||     3

Table legend: (Time is in decaauts)
 A = Elapsed time spent in this place.
 B = Non-inter-level travel time spent in this place.
 C = Inter-level travel time spent in this place.
 D = Time resting spent in this place.
 E = Time spent auto-exploring this place.
 F = Levels seen in this place.
 G = Mean time per level.
                   A        B        C        D        E       F      G
               +--------+--------+--------+--------+--------+-----+--------+
         Total |   1326 |   1275 |     51 |    305 |    772 |   2 |  663.0 |
       Dungeon |   1326 |   1275 |     51 |    305 |    772 |   2 |  663.0 |
               +--------+--------+--------+--------+--------+-----+--------+

Top non-repeatable levels by time:
     D:1: 1205 daAuts
     D:2: 121 daAuts
